 Dungeon Crawl Stone Soup version 0.24-a0-341-g52ca42d3ec (webtiles) character file.

Game seed: 12393129753882181594

440 Klosterheim the Poker (level 7, 0/53 HPs)
             Began as a Formicid Skald on May 20, 2019.
             Slain by Pikel
             ... wielding a +2 whip of freezing
              (1 damage)
             ... on level 4 of the Dungeon.
             The game lasted 00:11:51 (5808 turns).

Klosterheim the Poker (Formicid Skald)              Turns: 5808, Time: 00:11:53

Health: 0/53       AC:  3    Str: 21    XL:     7   Next: 22%
Magic:  7/12       EV: 18    Int: 14    God:
Gold:   178        SH:  0    Dex: 15    Spells: 8/12 levels left

rFire    . . .     SeeInvis +   a - +1 spear
rCold    . . .     Gourm    .   (no shield)
rNeg     . . .     Faith    .   b - +0 leather armour
rPois    .         Spirit   .   (helmet unavailable)
rElec    .         Reflect  .   (no cloak)
rCorr    .         Harm     .   (no gloves)
MR       .....                  (no boots)
Stlth    ++........             (no amulet)
HPRegen  0.17/turn              (no ring)
MPRegen  0.13/turn              (no ring)

@: mighty, agile, confusing touch, infused (expiring)
A: permanent stasis, dig shafts and tunnels, four strong arms, antennae 3
a: Dig, Shaft Self


You were on level 4 of the Dungeon.
You were very hungry.

You visited 1 branch of the dungeon, and saw 5 of its levels.

You collected 178 gold pieces.

Inventory:

Hand Weapons
 a - a +1 spear (weapon)
Armour
 b - a +0 leather armour (worn)
Jewellery
 n - an uncursed ring of fire
Scrolls
 c - a scroll of immolation
 e - a scroll of amnesia {unknown}
 h - a scroll of enchant weapon
 j - a scroll of identify
 k - 3 scrolls of remove curse
 m - a scroll of enchant armour {unknown}
Potions
 g - a potion of brilliance
Comestibles
 d - 6 rations


   Skills:
 + Level 3.6 Fighting
 * Level 4.3 Polearms
 + Level 2.8 Armour
 + Level 2.8 Dodging
 + Level 3.3 Spellcasting
 + Level 3.9 Charms


You had 8 spell levels left.
You knew the following spells:

 Your Spells              Type           Power        Failure   Level  Hunger
a - Infusion              Chrm           ##..         4%          1    #......
b - Shroud of Golubria    Chrm/Tloc      #.........   16%         2    ##.....
c - Confusing Touch       Hex            #.....       24%         1    #......

Your spell library contained the following spells:

 Spells                   Type           Power        Failure   Level  Hunger
 Song of Slaying          Chrm           ##......     8%          2    ##.....
 Animate Skeleton         Necr           N/A          24%         1    #......
 Apportation              Tloc           #.....       24%         1    #......
 Summon Small Mammal      Summ           #...         24%         1    #......
 Regeneration             Chrm/Necr      #.........   32%         3    ###....
 Spectral Weapon          Hex/Chrm       #.......     32%         3    ###....


Dungeon Overview and Level Annotations

Branches:
Dungeon (5/15)
 Temple: D:4-7

Altars:
Okawaru

Shops:
D:5 (

Annotations:
D:3 Sigmund
D:4 Pikel
D:5 1 runed translucent door, Borgoz's ghost, novice GrGl


Innate Abilities, Weirdness & Mutations

You cannot be hasted, slowed, berserked, paralysed or teleported.
You can dig through walls and to a lower floor.
Your four strong arms can wield two-handed weapons with a shield.
You have a pair of large antennae on your head. (SInv)


Message History

You hit Pikel but do no damage.
Pikel is severely wounded.
Pikel hits you with a +2 whip of freezing.
* * * LOW HITPOINT WARNING * * *
Pikel freezes you.
* * * LOW HITPOINT WARNING * * *
Casting: Confusing Touch (safe; 24% risk of failure)
Confirm with . or Enter, or press ? or * to list all spells.
Your hands begin to glow red.
Pikel hits you with a +2 whip of freezing.
* * * LOW HITPOINT WARNING * * *
Pikel freezes you.
* * * LOW HITPOINT WARNING * * *
It was a potion of might.
You feel very mighty all of a sudden.
Your magical infusion is running out.
Pikel waves his whip at you.
Pikel hits you with a +2 whip of freezing.
* * * LOW HITPOINT WARNING * * *
Pikel freezes you.
You die...

##..........###.# #..###
###>...#...###.####...#
########..##.###..{.........###
.....p...###.# #.####.........#
.#########
#..##...##########.## ##
##...##.#####.......# #
######..#.......#######
######......K.....#######
#......##...@†..........#
#####.######..####......)...#
......###.......##..........#
.######...###...##..........#
## ####.### #...##..........#
####....# #...##..........#####
.......## #....#########..#...#
######..# #.....<..### ##......
##.# #...####...####......


You could see Pikel.

Vanquished Creatures
  3 slaves (D:4)
  An ogre (D:4)
  A centaur (D:5)
  A crimson imp (D:5)
  A hound (D:5)
  A centaur zombie (D:5)
  An orc priest (D:5)
  Jessica (D:2)
  4 adders
  A worm (D:5)
  3 dart slugs (D:1)
  4 leopard geckos
  4 orcs (D:5)
  8 bats
  4 giant cockroaches
  6 goblins
  7 hobgoblins
  8 jackals
  5 kobolds
  2 quokkas
  5 frilled lizards
  A leopard gecko skeleton (D:5)
  6 rats
78 creatures vanquished.

Vanquished Creatures (others)
  2 withered plants (D:5)
2 creatures vanquished.

Grand Total: 80 creatures vanquished

Notes
Turn   | Place    | Note
-------+----------+-------------------------------------------
     0 | D:1      | Klosterheim the Formicid Skald began the quest for the Orb.
     0 | D:1      | Reached XP level 1. HP: 16/16 MP: 3/3
    33 | D:1      | Reached XP level 2. HP: 19/23 MP: 5/5
   229 | D:1      | Reached XP level 3. HP: 24/28 MP: 6/6
   971 | D:2      | Found an iron altar of Okawaru.
  1087 | D:2      | Reached XP level 4. HP: 25/34 MP: 7/7
  1357 | D:2      | Reached skill level 3 in Polearms
  1661 | D:2      | Noticed Jessica
  1676 | D:2      | Killed Jessica
  2432 | D:2      | Reached XP level 5. HP: 38/40 MP: 8/8
  2834 | D:3      | Noticed Sigmund
  3501 | D:4      | Noticed an ogre
  3512 | D:4      | Killed an ogre
  3512 | D:4      | Reached XP level 6. HP: 40/47 MP: 3/10
  3516 | D:4      | Learned a level 2 spell: Shroud of Golubria
  3620 | D:4      | Noticed Pikel
  3620 | D:4      | Noticed a slave
  3621 | D:4      | Noticed a slave
  3621 | D:4      | Noticed a slave
  3622 | D:4      | Noticed a slave
  3623 | D:5      | Entered Level 5 of the Dungeon
  3814 | D:5      | Found a runed translucent door.
  3815 | D:5      | Noticed Borgoz's ghost (novice GrGl)
  3956 | D:5      | Reached skill level 4 in Polearms
  4254 | D:5      | Learned a level 1 spell: Confusing Touch
  4292 | D:5      | HP: 2/47 [crimson imp (3)]
  4297 | D:5      | Reached XP level 7. HP: 14/52 MP: 9/11
  5072 | D:5      | Found Haosiops's Weapon Shoppe.
  5808 | D:4      | HP: 1/53 [Pikel/+2 whip of freezing (6)]
  5808 | D:4      | Slain by Pikel

Levels and vault maps discovered:
D:1:      scummos_arrival_checkerplants, layout_loops_ring, st_stairs_12
D:2:      layout_basic, lemuel_doored_altar, first_ration,
          kennysheep_jessica_study
D:3:      layout_loops_cross, minivault_19, ashenzari_altar_1, uniq_terence,
          uniq_robin, uniq_natasha, uniq_sigmund
D:4:      layout_rooms, uniq_pikel
D:5:      layout_gridville, gammafunk_ghost_grave, serial_shops,
          nicolae_shop_crystal

Skill      XL: |  1  2  3  4  5  6 |
---------------+-------------------+-----
Dodging        | 2 |  2.8
Polearms       | 3 4 |  4.3
Armour         | 2 |  2.8
Fighting       | 3 |  3.6
Spellcasting   | 3 |  3.3
Charms         | |  3.9

Action                   |  1- 3 |  4- 6 |  7- 9 || total
-------------------------+-------+-------+-------++-------
Melee: Spear             |   132 |   232 |   147 ||   511
 Cast: Infusion          |       |     1 |     6 ||     7
       Confusing Touch   |       |     1 |     5 ||     6
       Shroud of Golubri |       |     1 |     4 ||     5
 Abil: Dig               |       |     1 |       ||     1
  Use: Potion            |       |     6 |     3 ||     9
       Scroll            |       |     8 |       ||     8
 Stab: Sleeping          |     1 |       |       ||     1
       Confused          |       |     2 |     3 ||     5
  Eat: Chunk             |     1 |    10 |     1 ||    12
       Ration            |       |       |     1 ||     1
Armor: Leather armour    |    25 |    33 |    17 ||    75
Dodge: Dodged            |    66 |   117 |    47 ||   230

Table legend:
 A = Non-vault XP
 B = Vault XP
 C = Vault XP percentage of total XP
 D = Non-vault monster count
 E = Vault monster count
 F = Vault count percentage of total count
                 A         B        C        D         E       F
            +---------+---------+-------+---------+---------+-------
      Total |     587 |      42 |   6.7 |      71 |       4 |   5.3
            +---------+---------+-------+---------+---------+-------
        D:1 |      54 |       3 |   5.3 |      27 |       2 |   6.9
        D:2 |      48 |      39 |  44.8 |      14 |       2 |  12.5
        D:3 |      11 |       0 |   0.0 |       7 |       0 |   0.0
        D:4 |     148 |       0 |   0.0 |       7 |       0 |   0.0
        D:5 |     326 |       0 |   0.0 |      16 |       0 |   0.0
            +---------+---------+-------+---------+---------+-------
